 Dungeon Crawl Stone Soup version 0.30.1-11-g7821555f0a (webtiles) character file.

Game seed: 7763010532961170904

86 Cheops the Cudgeller (level 4, -1/48 HPs)
             Began as an Ogre Gladiator on Oct 31, 2023.
             Slain by a gnoll
             ... wielding a +0 whip
              (6 damage)
             ... on level 3 of the Dungeon.
             The game lasted 00:03:25 (1698 turns).

Cheops the Cudgeller (Ogre Gladiator)               Turns: 1698, Time: 00:03:25

Health: -1/48      AC:  3    Str: 18    XL:     4   Next: 50%
Magic:  4/4        EV: 10    Int: 11    God:
Gold:   104        SH:  0    Dex: 10    Spells: 3/3 levels left

rFire   . . .        a - +0 flail
rCold   . . .        (no shield)
rNeg    . . .        b - +0 robe
rPois   .            l - +0 hat
rElec   .            (no cloak)
rCorr   .            (gloves unavailable)
SInv    .            (boots unavailable)
Will    .....        (no amulet)
Stlth   +            (no ring)
HPRegen 0.28/turn    (no ring)
MPRegen 0.09/turn

%: no passive effects
@: no status effects
A: large, unfitting armour, tough skin 1
a: no special abilities


You were on level 3 of the Dungeon.
You visited 1 branch of the dungeon, and saw 3 of its levels.

You collected 104 gold pieces.

Inventory:

Hand Weapons
 a - a +0 flail (weapon)
Missiles
 c - 21 stones (quivered)
 d - 3 throwing nets
 e - a large rock
Armour
 b - a +0 robe (worn)
 l - a +0 hat (worn)
Scrolls
 g - a scroll of enchant weapon {unknown}
 h - 4 scrolls of teleportation {unknown}
 i - a scroll of blinking {unknown}
 j - a scroll of magic mapping {unknown}
 o - a scroll of poison {unknown}
 q - a scroll of fog {unknown}
Potions
 f - a potion of brilliance {unknown}
 k - a potion of degeneration {unknown}
 m - a potion of ambrosia {unknown}
 n - 2 potions of curing {unknown}
 p - 2 potions of flight {unknown}


   Skills:
 + Level 4.1 Fighting
 * Level 4.1 Maces & Flails
 - Level 2.0 Throwing
 - Level 2.6 Dodging


You had 3 spell levels left.
You didn't know any spells.
Your spell library contained the following spells:

 Spells                   Type           Power      Damage    Failure   Level
 Magic Dart               Conj           0%         1d3       34%         1
 Call Imp                 Summ           0%         N/A       47%         2
 Mephitic Cloud           Conj/Pois/Air  0%         N/A       71%         3


Dungeon Overview and Level Annotations

Branches:
Dungeon (3/15)

Altars:
Elyvilon


Innate Abilities, Weirdness & Mutations

You are too large for most types of armour.
You have tough skin. (AC +1)


Message History

The gnoll hits you with a +0 club. x2
You have reached level 4!
You sock the gnoll!
You kill the gnoll!
Your Fighting skill increases to level 4!
Your Maces & Flails skill increases to level 4!
Things that are here:
a +0 club; a gnoll corpse You see here a rat corpse.
The gnoll hits you with a +0 halberd!
* * * LOW HITPOINT WARNING * * *
You hit the gnoll.
The gnoll is heavily wounded.
The gnoll barely misses you.
You hit the gnoll.
The gnoll is severely wounded.
The gnoll barely misses you.
You sock the gnoll!
You kill the gnoll!
The gnoll hits you with a +0 whip.
* * * LOW HITPOINT WARNING * * *
You closely miss the gnoll. The gnoll hits you with a +0 whip.
* * * LOW HITPOINT WARNING * * *
You closely miss the gnoll. The gnoll hits you with a +0 whip.
* * * LOW HITPOINT WARNING * * *
You barely miss the gnoll. The gnoll closely misses you.
You barely miss the gnoll. The gnoll closely misses you.
You sock the gnoll!
The gnoll is severely wounded.
The gnoll hits you with a +0 whip.
* * * LOW HITPOINT WARNING * * *
The gnoll hits you with a +0 whip!
* * * LOW HITPOINT WARNING * * *
You hit the gnoll.
The gnoll is almost dead.
The gnoll barely misses you.
You barely miss the gnoll.
The gnoll is almost dead.
The gnoll hits you with a +0 whip.
You die...

##.#...8..).._....g8
#....#..)###...###.g
#.g####### ##.##
#..# .# #.g# ?# #..#
.. #..# 8.#
###..######### ..#
#.....†g@....# .#
#.##.#####.####.# #.
#.# #.#....#.# #
#.#####......#.#
#............#.#
#######......#.#
#.#....#.#
#.##.#.#.#
..##...#.#


You could see a gnoll.

Vanquished Creatures
  3 gnolls (D:3)
  An adder (D:2)
  A worm (D:2)
  3 dart slugs
  6 endoplasms
  3 goblins
  A hobgoblin (D:1)
  5 kobolds
  4 quokkas
  5 ball pythons
  2 bats
  4 rats
38 creatures vanquished.

Notes
Turn   | Place    | Note
-------+----------+-------------------------------------------
     0 | D:1      | Cheops the Ogre Gladiator began the quest for the Orb.
     0 | D:1      | Reached XP level 1. HP: 22/22 MP: 1/1
   225 | D:1      | Reached XP level 2. HP: 26/31 MP: 2/2
  1025 | D:2      | Reached XP level 3. HP: 37/37 MP: 3/3
  1647 | D:3      | Found a white marble altar of Elyvilon.
  1668 | D:3      | Reached XP level 4. HP: 31/48 MP: 4/4
  1698 | D:3      | Slain by a gnoll

Illustrated notes

Levels and vault maps discovered:
D:1:      tarquinn_simple_flora_water_e, layout_loops_ring
D:2:      layout_basic, minmay_tetromino_s2
D:3:      layout_loops_ring, bloody_makhleb, elyvilon_altar_1,
          mainiacjoe_overflow_brackets

Skill      XL: |  1  2  3  4 |
---------------+-------------+-----
Fighting       | 3 4 |  4.1
Maces & Flails | 3 4 |  4.1
Throwing       | |  2.0
Dodging        | |  2.6

Action                     |  1- 3 |  4- 6 || total
---------------------------+-------+-------++-------
  Melee: Flail             |    81 |    11 ||    92
         Punch             |     1 |       ||     1
  Throw: Stone             |     5 |       ||     5
   Stab: Sleeping          |     2 |       ||     2
 Armour: Robe              |    27 |       ||    27
  Dodge: Dodged            |    41 |     5 ||    46
